 Seeded DCSS version 0.29.1-13-g9f3cf754e1 (webtiles) character file.

Game seed: 37778494122511643 (custom seed)

98135 retardedninja the Fencer (level 15, -10/147 HPs)
             Began as a Minotaur Fighter on Jan 20, 2023.
             Was an Initiate of Gozag.
             Mangled by a cyan very ugly thing (26 damage)
             ... on level 3 of the Abyss.
             The game lasted 00:46:08 (35490 turns).

retardedninja the Fencer (Minotaur Fighter)        Turns: 35490, Time: 00:46:08

Health: -10/147    AC: 36    Str: 28    XL:     15   Next: 74%
Magic:  14/14      EV:  8    Int:  5    God:    Gozag
Gold:   4348       SH:  8    Dex: 15    Spells: 14/14 levels left

rFire   + . .      SeeInvis .   y - +10 scimitar of Hard Scrabble {elec, rPois rCorr}
rCold   + + .      Faith    .   c - +0 buckler
rNeg    . . .      Spirit   .   N - +3 plate armour {rC+}
rPois   +          Reflect  .   (helmet restricted)
rElec   .          Harm     .   u - +2 cloak {Stlth+}
rCorr   +          Rampage  .   G - +2 pair of gloves {Str+3}
Will    +....                   d - +2 pair of boots {Fly}
Stlth   ..........              t - amulet of the acrobat
HPRegen 0.34/turn               r - +4 ring of protection
MPRegen 0.14/turn               I - ring of the Suburbs {rF+ rC+ Str+2}

@: gold aura, on berserk cooldown, flying, studying Polearms
A: horns 2, retaliatory headbutt
a: Renounce Religion, Potion Petition, Call Merchant, Bribe Branch


You were on level 3 of the Abyss.
You worshipped Gozag.
Gozag was most pleased with you.
You visited 4 branches of the dungeon, and saw 22 of its levels.
You visited the Abyss 1 time.
You also visited: Gauntlet.

You collected 7904 gold pieces.
You spent 726 gold pieces at shops.
You paid 2830 gold pieces to Gozag.

Inventory:

Hand Weapons
 o - a +2 war axe of flaming
 y - the +10 scimitar of Hard Scrabble (weapon) {elec, rPois rCorr}
   (You bought it in a shop on level 2 of the Dungeon)

   It occasionally discharges a powerful burst of electricity upon striking a
   foe.
   rPois:     It protects you from poison.
   rCorr:     It protects you from acid and corrosion.
Missiles
 M - 7 javelins (quivered)
Armour
 c - a +0 buckler (worn)
 d - a +2 pair of boots of flying (worn)
 u - a +2 cloak of stealth (worn)
 G - a +2 pair of gloves of strength (worn)
 L - the +1 pair of gloves of Depression {Rampage Str+5 Int-5 Stlth-}
   (You found it on level 12 of the Dungeon)

   Str:       It affects your strength (+5).
   Int:       It affects your intelligence (-5).
   Rampage:   It bestows one free step when moving towards enemies.
   Stlth:     It makes you less stealthy.
 N - a +3 plate armour of cold resistance (worn)
Magical Staves
 O - a staff of conjuration
 Q - a staff of poison
Jewellery
 r - a +4 ring of protection (left hand)
 t - an amulet of the acrobat (around neck)
 D - a ring of magical power
 I - the ring of the Suburbs (right hand) {rF+ rC+ Str+2}
   (You found it on level 2 of the Lair of Beasts)

   [ring of protection from fire]

   Str:       It affects your strength (+2).
   rF:        It protects you from fire.
   rC:        It protects you from cold.
 R - a ring of ice
Wands
 h - a wand of paralysis (29)
 B - a wand of flame (43)
 H - a wand of light (8)
 U - a wand of iceblast (1)
 W - a wand of polymorph (5)
Scrolls
 a - 4 scrolls of poison
 b - a scroll of silence
 i - 3 scrolls of fear
 k - 7 scrolls of butterflies
 l - 4 scrolls of teleportation
 p - a scroll of torment
 q - 4 scrolls of amnesia
 w - 2 scrolls of immolation
 x - 2 scrolls of enchant weapon
 A - 7 scrolls of identify
 J - a scroll of magic mapping
Potions
 e - 3 potions of cancellation
 f - 4 potions of ambrosia
 g - 6 potions of mutation
 j - 8 potions of lignification
 n - 5 potions of magic
 s - 5 potions of attraction
 v - 9 potions of curing
 z - 3 potions of flight
 C - a potion of invisibility
 E - 3 potions of brilliance
 K - a potion of haste
 V - a potion of might
Miscellaneous
 m - a box of beasts
 F - a phantom mirror (inert)
 P - a piece from Xom's chessboard (15/15)
 S - a condenser vane (inert)
 T - a lightning rod (4/4)


   Skills:
 + Level 17.2 Fighting
 * Level 17.7 Long Blades
 + Level 17.2 Armour
 + Level 17.2 Shields


You had 14 spell levels left.
You didn't know any spells.
Your spell library contained the following spells:

 Spells                   Type           Power      Damage    Failure   Level
 Apportation              Tloc           0%         N/A       97%         1
 Foxfire                  Conj/Fire      0%         2x1d4     97%         1
 Magic Dart               Conj           0%         1d3       97%         1
 Necrotise                Necr           0%         1d4       97%         1
 Sandblast                Erth           0%         2d4       97%         1
 Summon Small Mammal      Summ           0%         N/A       97%         1
 Ensorcelled Hibernation  Hex/Ice        0%         N/A       99%         2
 Passwall                 Tmut/Erth      0%         N/A       99%         2
 Poisonous Vapours        Pois/Air       0%         N/A       99%         2
 Searing Ray              Conj           0%         2d4       99%         2
 Static Discharge         Conj/Air       0%         3-3/arc   99%         2
 Sublimation of Blood     Necr           0%         N/A       99%         2
 Conjure Flame            Conj/Fire      0%         6-21      100%        3
 Dazzling Flash           Conj/Hex       0%         N/A       100%        3
 Gell's Gravitas          Tloc           0%         N/A       100%        3
 Ignite Poison            Fire/Tmut/Pois 0%         N/A       100%        3
 Inner Flame              Hex/Fire       0%         N/A       100%        3
 Lesser Beckoning         Tloc           0%         N/A       100%        3
 Ozocubu's Armour         Ice            0%         N/A       100%        3
 Portal Projectile        Hex/Tloc       0%         N/A       100%        3
 Stone Arrow              Conj/Erth      0%         3d7       100%        3
 Summon Guardian Golem    Hex/Summ       0%         N/A       100%        3
 Swiftness                Air            0%         N/A       100%        3
 Teleport Other           Tloc           0%         N/A       100%        3
 Tukima's Dance           Hex            0%         N/A       100%        3
 Vampiric Draining        Necr           0%         2d6       100%        3
 Flame Wave               Conj/Fire      0%         2d4       100%        4
 Fulminant Prism          Conj/Hex       0%         3d6       100%        4
 Petrify                  Tmut/Erth      0%         N/A       100%        4
 Sticky Flame             Conj/Fire      0%         2d3       100%        4
 Summon Ice Beast         Ice/Summ       0%         N/A       100%        4
 Agony                    Necr           0%         N/A       100%        5
 Blade Hands              Tmut           0%         N/A       100%        5
 Irradiate                Conj/Tmut      0%         3d11      100%        5
 Lightning Bolt           Conj/Air       0%         1d11      100%        5
 Silence                  Hex/Air        0%         N/A       100%        5
 Summon Mana Viper        Hex/Summ       0%         N/A       100%        5
 Death Channel            Necr           0%         N/A       100%        6
 Monstrous Menagerie      Summ           0%         N/A       100%        7
 Ozocubu's Refrigeration  Ice            0%         4d7       100%        7
 Maxwell's Capacitive Co  Air            0%         ∞         100%        8
 Corpse Rot               Necr/Pois/Air  Unusable   N/A       N/A         4

Dungeon Overview and Level Annotations

Branches:
Dungeon (14/15)            Temple (1/1) D:7            Lair (5/5) D:9
  Swamp (0/4) Lair:3       Spider (0/4) Lair:3        Slime (0/5) Lair:4
    Orc (2/2) D:12            Elf (0/3) Orc:2        Vaults (0/5) D:13
Gauntlet (visited)

Altars:
Ashenzari
Cheibriados
Dithmenos
Elyvilon
Fedhas
Gozag
Hepliaklqana
Kikubaaqudgha
Makhleb
Nemelex Xobeh
Okawaru
Qazlal
Ru
Sif Muna
Trog
Uskayaw
Vehumet
Wu Jian
Xom
Yredelemnul
Zin
The Shining One
Jiyva

Shops:
D:2 *   D:8 =(   D:11 *[(?   Orc:1 (   Orc:2 [[:(


Innate Abilities, Weirdness & Mutations

You have a pair of horns on your head.
You reflexively headbutt those who attack you in melee.


Message History

The efreet gestures at you. The bolt of fire hits you. You resist.
A cyan very ugly thing comes into view.
The efreet hits you with a +4 scimitar of flaming!
The efreet burns you. The efreet misses you. You furiously retaliate!
You headbutt the efreet! You slash the efreet! Your headbutt misses the efreet.
The efreet is heavily wounded.
The efreet gestures at you.
The fireball explodes!
The fireball engulfs you. You resist.
The fireball engulfs the efreet.
The efreet completely resists.
You hear a horrible gurgling sound!
You slash the efreet! Lightning courses through the efreet!
You kill the efreet!
Things that are here:
8 gold pieces; a +4 scimitar of flaming A cyan very ugly thing comes into view.
You block the cyan very ugly thing's attack.
Things that are here:
8 gold pieces; a +4 scimitar of flaming You slice the cyan very ugly thing!!
The cyan very ugly thing is lightly wounded.
The cyan very ugly thing bites you but does no damage.
You slash the cyan very ugly thing! You headbutt the cyan very ugly thing!
The cyan very ugly thing is moderately wounded.
You feel yourself speed up.
You block the cyan very ugly thing's attack.
You hit the cyan very ugly thing. You headbutt the cyan very ugly thing!
The cyan very ugly thing is heavily wounded.
The cyan very ugly thing bites you!
* * * LOW HITPOINT WARNING * * *
The cyan very ugly thing shocks you!!
* * * LOW HITPOINT WARNING * * *
You slice the cyan very ugly thing!!
The cyan very ugly thing is severely wounded.
The cyan very ugly thing claws you.
* * * LOW HITPOINT WARNING * * *
The cyan very ugly thing shocks you!!
You die...
Your body crumbles into a pile of gold.

###'#...#..#
#.......####
#.#.#...#..#
#........#.#
#.#.#....#.#
........... .#
#.....#####
#..#.uu.....#.
#..#.u@.......
#. +..........
#.##..##### #.
..#.... #. ..#
### #. ..# .##
.# #.


You could see 3 very ugly things.

Vanquished Creatures
  Jorgrun (D:13)
  A ghost moth (shapeshifter) (Gauntlet)
  A stone giant (D:11)
  A stone giant (shapeshifter) (D:12)
  A minotaur (Gauntlet)
  Snorg (Lair:4)
  Josephine (D:12)
  An ettin (Orc:2)
  9 hydras
  Fannar (Orc:1)
  3 boulder beetles
  3 ogre magi
  A rakshasa (D:14)
  A death knight (D:12)
  8 death yaks
  8 centaur warriors
  A two-headed ogre (D:13)
  Urug (D:13)
  A deep elf knight (D:13)
  A wretched star (Abyss:3)
  Amaemon (Lair:2)
  8 skeletal warriors
  A fire crab (Lair:4)
  5 orc knights
  6 deep elf pyromancers
  An oklob plant (Lair:5)
  A deep elf zephyrmancer (D:13)
  An orc sorcerer (Orc:1)
  A salamander (shapeshifter) (D:12)
  6 cyclopes
  A manticore (D:12)
  5 ugly things
  20 elephants
  4 black mambas
  A guardian serpent (Abyss:3)
  A gargoyle (D:12)
  A smoke demon (Abyss:3)
  Maggie (D:9)
  12 cane toads
  An orange demon (Lair:2)
  4 centaur skeletons (D:13)
  2 kobold demonologists (D:14)
  3 efreet
  A cane toad (shapeshifter) (Gauntlet)
  2 unseen horrors
  3 rime drakes
  4 komodo dragons
  2 tengu conjurers (D:14)
  2 ancient zymes (Abyss:3)
  A hellwing (Abyss:3)
  A meliai (Lair:3)
  5 polar bears
  5 trolls
  Prince Ribbit (D:8)
  6 slime creatures (D:14)
  13 blink frogs
  8 hornets (Lair:5)
  An air elemental (Abyss:3)
  Sigmund (D:5)
  2 shadows
  8 wraiths
  2 vampires (D:9)
  14 spriggans (Lair:5)
  41 yaks
  3 starcursed masses (Abyss:3)
  6 wyverns
  4 fire elementals (Gauntlet)
  A fire bat (shapeshifter) (Gauntlet)
  3 basilisks
  2 steam dragons (D:8)
  6 vampire mosquitoes
  An acid dragon (D:11)
  5 hell hounds (Gauntlet)
  9 water moccasins
  An ice beast (D:5)
  33 orc warriors
  A sky beast (D:6)
  4 black bears
  19 wolves (Lair:5)
  3 boggarts (Lair:5)
  6 ogres
  14 centaurs
  4 kobold brigands
  Blork the orc (D:5)
  13 bullfrogs
  A necrophage (D:6)
  2 scorpions
  13 killer bees
  2 electric eels
  A small abomination (Abyss:3)
  5 hounds
  3 jellies
  10 orc priests
  Crazy Yiuf (D:6)
  2 gnoll boudas
  An iguana (D:6)
  14 orc wizards
  9 hell rats
  Terence (D:3)
  3 adders
  14 gnolls
  A shadow imp (D:7)
  A worm (D:2)
  3 dart slugs
  84 orcs
  7 ball pythons
  13 endoplasms
  4 giant cockroaches
  7 goblins
  5 hobgoblins
  21 kobolds
  3 quokkas
  5 bats
  4 frilled lizards
  5 rats
640 creatures vanquished.

Vanquished Creatures (collateral kills)
  A war gargoyle (D:12)
  A fire elemental (Gauntlet)
2 creatures vanquished.

Vanquished Creatures (others)
  6 orc warriors (Orc:2)
  A centaur (Orc:2)
  An orc (Orc:2)
  14 demonic plants (Gauntlet)
  35 fungi
  46 plants
103 creatures vanquished.

Grand Total: 745 creatures vanquished

Notes
Turn   | Place    | Note
-------+----------+-------------------------------------------
     0 | D:1      | retardedninja the Minotaur Fighter began the quest for the
                  | Orb.
     0 | D:1      | Reached XP level 1. HP: 19/19 MP: 0/0
    94 | D:1      | Reached XP level 2. HP: 27/27 MP: 1/1
   419 | D:2      | Found Eriq's Assorted Antiques.
   432 | D:2      | Reached XP level 3. HP: 25/33 MP: 2/2
  1468 | D:3      | Found a faded altar of an unknown god.
  1685 | D:3      | Noticed Terence
  1696 | D:3      | Killed Terence
  1697 | D:3      | Reached XP level 4. HP: 27/41 MP: 3/3
  2326 | D:4      | Reached XP level 5. HP: 46/47 MP: 4/4
  2667 | D:4      | Identified the +0 scale mail of Privacy {rC+ Str+6 SInv}
  2818 | D:4      | Reached skill level 5 in Fighting
  2818 | D:4      | Reached skill level 5 in Armour
  2818 | D:4      | Reached skill level 5 in Shields
  3681 | D:5      | Entered Level 5 of the Dungeon
  3681 | D:5      | Noticed Blork the orc
  3687 | D:5      | Killed Blork the orc
  3688 | D:5      | Reached XP level 6. HP: 55/56 MP: 5/5
  4198 | D:5      | Identified the +5 ring mail of Vexation {rPois rCorr Dex+3
                  | Stlth-}
  4203 | D:5      | Found a broken altar of Ashenzari.
  4288 | D:5      | Noticed Sigmund
  4288 | D:5      | Noticed an ice beast
  4314 | D:5      | Killed Sigmund
  4315 | D:5      | Reached skill level 5 in Long Blades
  4315 | D:5      | Reached XP level 7. HP: 62/62 MP: 6/6
  4767 | D:2      | Bought a steaming scimitar for 243 gold pieces
  4767 | D:2      | Identified the +10 scimitar of Hard Scrabble {elec, rPois
                  | rCorr} (You bought it in a shop on level 2 of the Dungeon)
  5009 | D:5      | Found a blossoming altar of Fedhas.
  5463 | D:6      | Found a runed translucent door.
  5464 | D:6      | Noticed Crazy Yiuf
  5952 | D:6      | Reached XP level 8. HP: 71/71 MP: 7/7
  5992 | D:6      | Found a glowing golden altar of the Shining One.
  6006 | D:6      | Found an iron altar of Okawaru.
  6006 | D:6      | Found a hide-covered altar of Uskayaw.
  6129 | D:6      | Killed Crazy Yiuf
  6182 | D:7      | Found a sparkling altar of Nemelex Xobeh.
  6190 | D:7      | Identified the +6 whip "Elinalom" {drain, rC+}
  6405 | D:7      | Found a staircase to the Ecumenical Temple.
  6434 | Temple   | Entered the Ecumenical Temple
  6551 | Temple   | Became a worshipper of Gozag Ym Sagoz the Greedy
  6871 | D:8      | Found Gataoxu's Weapon Emporium.
  7692 | D:8      | Found a white marble altar of Elyvilon.
  7846 | D:8      | Found Etaitudgh's Jewellery Boutique.
  7846 | D:8      | Noticed Prince Ribbit
  7856 | D:8      | Killed Prince Ribbit
  7857 | D:8      | Reached XP level 9. HP: 81/81 MP: 8/8
  8779 | D:9      | Noticed Maggie
  8793 | D:9      | Killed Maggie
  9412 | D:9      | Noticed a troll
  9430 | D:9      | Killed a troll
  9546 | D:9      | Reached XP level 10. HP: 58/91 MP: 9/9
 10520 | D:9      | Found a staircase to the Lair.
 10951 | D:10     | Entered Level 10 of the Dungeon
 11087 | D:10     | Reached skill level 10 in Shields
 11095 | D:10     | Reached skill level 10 in Fighting
 11095 | D:10     | Reached skill level 10 in Armour
 11534 | D:10     | Found a snail-covered altar of Cheibriados.
 11639 | D:10     | Reached skill level 10 in Long Blades
 12121 | D:10     | Found a hazy altar of Hepliaklqana.
 12568 | D:11     | Found Nuli's Antique Armour Shoppe.
 12574 | D:11     | Bought a pair of runed gloves for 240 gold pieces
 12785 | D:11     | Noticed a sea snake
 12785 | D:11     | Noticed a cyclops
 12822 | D:11     | Noticed a sea snake
 12835 | D:11     | Reached XP level 11. HP: 101/101 MP: 10/10
 12864 | D:11     | Found Haurr's Weapon Shoppe.
 12883 | D:11     | Found Esetafug's Magic Scroll Shoppe.
 12903 | D:11     | Bought a scroll of enchant armour for 135 gold pieces
 12906 | D:11     | Bought a scroll of identify for 36 gold pieces
 12906 | D:11     | Bought a scroll of identify for 36 gold pieces
 12906 | D:11     | Bought a scroll of identify for 36 gold pieces
 13002 | D:11     | Found a stormy altar of Qazlal.
 13078 | D:11     | Found Ynko's General Store.
 13265 | D:11     | Noticed an eight-headed hydra
 13275 | D:11     | Killed a 15-headed hydra
 13889 | Lair:1   | Entered Level 1 of the Lair of Beasts
 15231 | Lair:2   | Identified the ring of the Suburbs {rF+ rC+ Str+2}
 15264 | Lair:2   | Found a gate leading to a gauntlet.
 15285 | Gauntlet | Entered a Gauntlet
 15285 | Gauntlet | Found a transporter.
 15285 | Gauntlet | Found a transporter.
 15296 | Gauntlet | Found a transporter.
 15310 | Gauntlet | Found a transporter.
 15312 | Gauntlet | Noticed a sixfirhy
 15315 | Gauntlet | Noticed a sixfirhy
 15327 | Gauntlet | Found a transporter.
 15340 | Gauntlet | Found a transporter.
 15342 | Gauntlet | Noticed a sixfirhy
 15352 | Gauntlet | Noticed a quicksilver ooze
 15358 | Gauntlet | Found the ring of the Octopus King
 15360 | Gauntlet | Found a transporter.
 15422 | Gauntlet | Noticed a storm dragon
 15423 | Gauntlet | a storm dragon changed into something unseen
 15428 | Gauntlet | Found a transporter.
 15439 | Gauntlet | Found a transporter.
 15439 | Gauntlet | Found a transporter.
 15463 | Gauntlet | Noticed a sixfirhy
 15467 | Gauntlet | Found a transporter.
 15473 | Gauntlet | Found a large runed translucent door.
 15474 | Gauntlet | Found a large runed translucent door.
 15475 | Gauntlet | Found a transporter.
 15486 | Gauntlet | Found a large runed translucent door.
 15487 | Gauntlet | Found a large runed translucent door.
 15488 | Gauntlet | Found a runed translucent gate.
 15489 | Gauntlet | Found a large runed translucent door.
 15489 | Gauntlet | Found a large runed translucent door.
 15489 | Gauntlet | Found a runed translucent door.
 15490 | Gauntlet | Found a large runed translucent door.
 15491 | Gauntlet | Found a large runed translucent door.
 15493 | Gauntlet | Found a runed translucent gate.
 15493 | Gauntlet | Found a transporter.
 15494 | Gauntlet | Found a runed translucent gate.
 15494 | Gauntlet | Found a runed translucent door.
 15495 | Gauntlet | Found a transporter.
 15500 | Gauntlet | Noticed a cyan ugly thing
 15509 | Gauntlet | Found a large runed translucent door.
 15509 | Gauntlet | Found a large runed translucent door.
 15510 | Gauntlet | Found a large runed translucent door.
 15511 | Gauntlet | Found a large runed translucent door.
 15542 | Gauntlet | Noticed a boulder beetle
 15579 | Gauntlet | Found a transporter.
 15580 | Gauntlet | Noticed an ice dragon
 15583 | Gauntlet | an ice dragon changed into a snapping turtle
 15586 | Gauntlet | Noticed a glowing orange brain
 15599 | Gauntlet | Found a transporter.
 15633 | Gauntlet | Noticed a seven-headed hydra
 15643 | Gauntlet | a seven-headed hydra changed into something unseen
 15728 | Gauntlet | Killed a ghost moth
 15938 | Gauntlet | Identified the +2 pair of boots of Xuredgh {MP+9 Str-2
                  | Dex+5 SInv}
 15975 | Gauntlet | Found a large runed translucent door.
 15975 | Gauntlet | Found a large runed translucent door.
 15976 | Gauntlet | Found a large runed translucent door.
 15977 | Gauntlet | Found a large runed translucent door.
 16003 | Gauntlet | Reached XP level 12. HP: 112/112 MP: 11/11
 16096 | Gauntlet | Noticed a minotaur
 16118 | Gauntlet | Killed a minotaur
 16543 | Lair:2   | Noticed Amaemon
 16554 | Lair:2   | Killed Amaemon
 17594 | Lair:3   | Noticed a death yak
 17597 | Lair:3   | Noticed a death yak
 17599 | Lair:3   | Noticed a death yak
 17600 | Lair:3   | Noticed a death yak
 17601 | Lair:3   | Killed a death yak
 17602 | Lair:3   | Noticed a death yak
 17612 | Lair:3   | Killed a death yak
 17640 | Lair:2   | Killed a death yak
 18077 | Lair:3   | Killed a death yak
 18090 | Lair:3   | Killed a death yak
 18523 | Lair:3   | Found a hole to the Spider Nest.
 18530 | Lair:3   | Noticed a four-headed hydra
 18548 | Lair:3   | Killed a one-headed hydra
 18899 | Lair:3   | Found a staircase to the Swamp.
 19504 | Lair:4   | Noticed an eight-headed hydra
 19512 | Lair:4   | Killed a five-headed hydra
 19834 | Lair:4   | Reached XP level 13. HP: 119/123 MP: 12/12
 21184 | Lair:4   | Found a viscous altar of Jiyva.
 21184 | Lair:4   | Found a staircase to the Slime Pits.
 21969 | Lair:5   | Entered Level 5 of the Lair of Beasts
 21971 | Lair:5   | Noticed Snorg
 21989 | Lair:4   | Killed Snorg
 22827 | Lair:5   | Reached skill level 15 in Armour
 22827 | Lair:5   | Reached skill level 15 in Shields
 23230 | Lair:5   | Reached skill level 15 in Fighting
 23794 | Lair:5   | Reached XP level 14. HP: 115/135 MP: 13/13
 23864 | Lair:5   | Found a glowing silver altar of Zin.
 24576 | Lair:5   | Paralysed by a hornet for 3 turns
 25480 | D:12     | Noticed a war gargoyle
 25505 | D:12     | Killed a war gargoyle
 25512 | D:12     | Noticed a stone giant
 26012 | D:11     | Killed a stone giant
 26332 | D:12     | Reached skill level 15 in Long Blades
 26376 | D:12     | Identified the +1 pair of gloves of Depression {Rampage
                  | Str+5 Int-5 Stlth-}
 26919 | D:12     | Found a staircase to the Orcish Mines.
 27055 | D:12     | Noticed Josephine
 27062 | D:12     | Killed Josephine
 27384 | D:12     | Noticed a caustic shrike
 27386 | D:12     | Noticed a stone giant
 27386 | D:12     | a caustic shrike changed into a stone giant
 27401 | D:12     | Killed a stone giant
 27791 | Orc:1    | Entered Level 1 of the Orcish Mines
 27791 | Orc:1    | Found Huag Fimm's Antique Weapon Emporium.
 27938 | Orc:2    | Entered Level 2 of the Orcish Mines
 27938 | Orc:2    | Found a staircase to the Elven Halls.
 28508 | Orc:1    | Noticed Fannar
 28518 | Orc:1    | Killed Fannar
 30476 | Orc:2    | Found Yrilaech's Armour Boutique.
 30476 | Orc:2    | Found Otoomn's Book Emporium.
 30476 | Orc:2    | Found Wamos's Weapon Shoppe.
 30480 | Orc:2    | Found Qiog's Armour Shop.
 30840 | D:13     | Reached XP level 15. HP: 130/145 MP: 14/14
 30908 | D:13     | Noticed Urug
 30915 | D:13     | Killed Urug
 31818 | D:13     | Found a gate to the Vaults.
 31834 | D:13     | Noticed Jorgrun
 31856 | D:13     | Killed Jorgrun
 33509 | D:14     | Found a hide-covered altar of Uskayaw.
 34881 | D:14     | Found the +8 demon trident "Rift" {distort, reach+}
 35185 | D:14     | Got the Spellbook of Supportive Dark Liturgies
 35215 | D:14     | Found a shimmering blue altar of Sif Muna.
 35225 | Abyss:2  | Found a corrupted altar of Lugonu.
 35225 | Abyss:2  | Cast into level 2 of the Abyss (a wizard)
 35250 | Abyss:3  | Found a corrupted altar of Lugonu.
 35355 | Abyss:3  | Paralysed by an air elemental for 1 turns
 35360 | Abyss:3  | Paralysed by an air elemental for 1 turns
 35472 | Abyss:3  | Found a corrupted altar of Lugonu.
 35490 | Abyss:3  | Mangled by a cyan very ugly thing

Illustrated notes

Levels and vault maps discovered:
D:1:      heliophobic_arrival_ceremonial_halls, layout_rooms
D:2:      layout_basic, serial_shops, nicolae_diamond_shop
D:3:      layout_loops_cross, hellmonk_ecumenical_altar_pennies_from_heaven,
          uniq_terence
D:4:      layout_basic, kennysheep_small_circle
D:5:      layout_loops_corners, mainiacjoe_overflow_swirl, uniq_blork_the_orc,
          uniq_sigmund
D:6:      layout_basic, gammafunk_temple_overflow_forgotten,
          corexii_leaking_fountain, uniq_crazy_yiuf_cottage
D:7:      layout_basic, general_overflow_altar, minmay_temple_entry_offerings
D:8:      kennysheep_steamy, layout_loops_ring, lemuel_doored_altar,
          serial_shops, shop_statue, minmay_splitting_lines,
          nicolae_stop_n_shop_1, uniq_prince_ribbit1
D:9:      layout_roguey, lair_entry_dummy, minmay_misc_feat_plants,
          nicolae_titane, uniq_maggie
D:10:     layout_basic, worldfamousw_hep_ancestral_shrine, kennysheep_mini_moat,
          nicolae_figureground_sparkle
D:11:     layout_roguey, serial_aquarium, aquarium_bridge_straight
          [aquarium_subvault_bridge, aquarium_subvault_wall,
          aquarium_subvault_bridge, aquarium_subvault_wall],
          aquarium_bridge_square [aquarium_subvault_bridge,
          aquarium_subvault_bridge, aquarium_subvault_bridge,
          aquarium_subvault_wall], aquarium_window_corner, aquarium_window_1,
          aquarium_view_2g, aquarium_balcony_double_3, aquarium_pool_2,
          serial_shops, shop, nicolae_shop_overgrown_old_shop, shop, shop,
          nrook_campfire, nicolae_qazlal_scattered_showers
D:12:     minmay_strange_plus, layout_cave_pools, hellmonk_bongcloud_opening,
          uniq_josephine
D:13:     layout_grid_maze, hangedman_vaults_entry_quadrant_bands,
          dk_noncrumbling_4, kennysheep_generic_room_10, uniq_urug, uniq_jorgrun
D:14:     evilmike_library_of_no_secrets, layout_stronghold,
          nicolae_uskayaw_murder_on_the_dancefloor, serial_co_window_serial,
          co_window_of_opportunity_a, co_window_paths_a, co_window_paths_a,
          co_window_cross_1, co_window_paths_b, co_window_broadway_b,
          co_window_corner_b, co_window_broadway_b, co_window_broadway_c,
          co_window_unsneaky_path_e, co_window_of_opportunity_c,
          glass_columns_a, glass_columns_a, glass_columns_a, glass_columns_b,
          glass_columns_a
Temple:   dshaligram_water_room_temple
Lair:1:   statuecave_lemuel, layout_cave_pods
Lair:2:   layout_regular_city, gauntlet_entry_generic, uniq_amaemon
Lair:3:   layout_chaotic_city, swamp_mist_pool,
          hellmonk_spider_entry_not_the_bees
Lair:4:   nzn_winding_woodlands_medium [nzn_winding_woodlands_5x5_three,
          nzn_winding_woodlands_5x15_longhouse,
          nzn_winding_woodlands_5x5_perimeter, nzn_winding_woodlands_5x5_cross,
          nzn_winding_woodlands_center_pierced_h,
          nzn_winding_woodlands_5x5_closed_star,
          nzn_winding_woodlands_5x5_checkerboard,
          nzn_winding_woodlands_5x15_crooked, nzn_winding_woodlands_hourglass],
          layout_small_grid, slime_entry_1, portal_ice_cave_entry_pillars_1,
          grunt_megastairs_1, infiniplex_staircase_pool, serial_bayou_shore_b
Lair:5:   minmay_lair_end_enchanted_forest, layout_regular_city,
          chequers_serial_rivers_large_a, lemuel_oklob_altar,
          lemuel_fruit_fields, serial_bayou_shore_b, lemuel_fruit_fields,
          uniq_snorg
Orc:1:    cheibrodos_orc_arena, layout_diamond_mine, serial_shops, shop,
          uniq_fannar
Orc:2:    st_orc_rangers, layout_caves
Abyss:3:  base: D:14, evilmike_abyss_exit_kraken

Skill      XL: |  1  2  3  4  5  6  7  8  9 10 11 12 13 14 15 |
---------------+----------------------------------------------+-----
Fighting       | 4 5 6 8 9 10 12 13 15 16 17 | 17.2
Armour         | 4 5 6 8 9 10 12 13 15 16 17 | 17.2
Shields        | 4 5 6 8 9 10 12 13 15 16 17 | 17.2
Long Blades    | 3 4 5 6 7 9 10 12 13 14 16 17 | 17.7

Action                   |  1- 3 |  4- 6 |  7- 9 | 10-12 | 13-15 || total
-------------------------+-------+-------+-------+-------+-------++-------
Melee: Long sword        |    96 |   124 |     2 |       |       ||   222
       Headbutt          |    10 |    10 |    28 |   103 |   305 ||   456
       Scimitar          |       |       |   182 |   461 |   966 ||  1609
       War axe           |       |       |       |    11 |   227 ||   238
Invok: Potion Petition   |       |       |       |     2 |     4 ||     6
Evoke: Phantom mirror    |       |       |       |     1 |     2 ||     3
       Wand              |       |       |       |       |     1 ||     1
       Box of beasts     |       |       |       |       |     1 ||     1
       Condenser vane    |       |       |       |       |     1 ||     1
  Use: Scroll            |       |     7 |     9 |    12 |    10 ||    38
       Potion            |       |     3 |     5 |     6 |    12 ||    26
 Stab: Distracted        |       |       |       |     4 |     7 ||    11
       Invisible         |       |       |       |       |     4 ||     4
Armor: Scale mail        |    26 |       |       |       |       ||    26
       Chain mail        |    12 |    56 |    53 |       |       ||   121
       Skin              |       |    33 |       |       |       ||    33
       Plate armour      |       |       |    76 |   353 |  1046 ||  1475
Dodge: Dodged            |    38 |    42 |    59 |   143 |   704 ||   986
Block: Buckler           |    22 |    19 |    67 |   149 |   613 ||   870
